 Dungeon Crawl Stone Soup version 0.31-a0-819-gf6de2f5ab6 (webtiles) character file.

Game seed: 16271242509047978692

96 avis the Changeling (level 4, 19/19 HPs)
             Began as a Felid Shapeshifter on Sept 24, 2023.
             Got out of the dungeon alive.
             The game lasted 00:09:21 (2262 turns).

avis the Changeling (Felid Shapeshifter)            Turns: 2262, Time: 00:09:21

Health: 19/19      AC:  1    Str: 12    XL:     4   Next: 41%
Magic:  5/5        EV: 17    Int: 11    God:
Gold:   173        SH:  5    Dex: 15    Spells: 3/3 levels left
                                        Lives:  0   Deaths: 2

rFire   . .          .
                       - Unarmed
rCold   . . .        (shield unavailable)
rNeg    . . .        (body armour unavailable)
rPois   .            (helmet unavailable)
rElec   .            (cloak unavailable)
rCorr   .            (gloves unavailable)
SInv    +            (boots unavailable)
Will    .....        g - amulet of reflection
Stlth   +            (no ring)
HPRegen 0.23/turn    (no ring)
MPRegen 0.09/turn

%: reflection
@: beast-form, quick
A: beast (slay +2), very small, claws 1, fangs 3, see invisible, speed 1, shaggy
fur 1, stealthy paws, no weapons or thrown items, no armour, multi-lived
a: Begin Untransformation


You escaped.
You were a hulking beast.
You visited 1 branch of the dungeon, and saw 4 of its levels.

You collected 173 gold pieces.

Inventory:

Jewellery
 g - an amulet of reflection (around neck)
Talismans
 b - a beast talisman (active)
 c - a flux talisman
Scrolls
 a - 2 scrolls of teleportation {unknown}
 d - a scroll of noise {unknown}
 e - 2 scrolls of blinking {unknown}
 j - a scroll of amnesia {unknown}
 l - 4 scrolls of identify {unknown}
 m - a scroll of butterflies {unknown}
 n - a scroll of immolation {unknown}
Potions
 f - a potion of cancellation {unknown}
 h - a potion of curing {unknown}
 i - a potion of might {unknown}
 k - a potion of invisibility {unknown}
 o - a potion of heal wounds {unknown}
 p - a potion of brilliance {unknown}


   Skills:
 - Level 2.0 Fighting
 - Level 3.0 Dodging
 - Level 3.0 Unarmed Combat
 * Level 5.0 Shapeshifting


You had 3 spell levels left.
You didn't know any spells.
Your spell library contained the following spells:

 Spells                   Type           Power      Damage    Failure   Level
 Lesser Beckoning         Tloc           0%         N/A       47%         2
 Gell's Gravitas          Tloc           0%         N/A       71%         3
 Teleport Other           Tloc           0%         N/A       71%         3


Dungeon Overview and Level Annotations

Branches:
Dungeon (4/15)
 Temple: D:4-7

Altars:

Shops:
D:3 *


Innate Abilities, Weirdness & Mutations

You are a hulking beast.
Your limbs bulge with bestial killing power. (Slay +2)
You have sharp claws.
You have razor-sharp teeth.
You have supernaturally acute eyesight. (SInv)
You cover ground quickly. (Speed+)
You are covered in fur. (AC +1)
Your paws help you pounce on unaware monsters.
You are incapable of wielding weapons or throwing items.
You cannot wear armour.
You gain extra lives every three experience levels.


Message History

You scratch the orc.
The orc is lightly wounded.
The orc completely misses you. The orc hits you with a +0 club.
You scratch the orc but do no damage. You bite the orc.
The orc is almost dead.
The orc hits you with a +0 dagger. The orc hits you with a +0 club.
You scratch the orc but do no damage.
The orc is almost dead.
You scratch the orc.
You kill the orc!
The orc misses you.
You scratch the orc.
The orc is moderately wounded.
You closely miss the orc. The orc barely misses you.
You barely miss the orc. The orc closely misses you.
The orc hits you with a +0 whip.
* * * LOW HITPOINT WARNING * * *
You scratch the orc.
The orc is severely wounded.
You block the orc's attack. The orc barely misses you.
You barely miss the orc.
The orc is severely wounded.
The orc hits you with a +0 club.
You die...
Your shape twists and changes as you die.
The orc hits you with a +0 whip.
You rejoin the land of the living...
What level of the Dungeon? (default 3, ? - help)
There is a stone staircase leading up here.
You climb upwards.
There is a stone staircase leading down here.
There is a stone staircase leading up here.
You climb upwards.
There is a stone staircase leading down here.
You see here a +0 leather armour.
There is an open door here.
There is a staircase leading out of the dungeon here.
Alright, then stay!
Unknown command.
You have escaped!

#########
#.......#
#...h...#
#.......#
#...#...#
#...#...#
#...#...#
#)..>...#
####
##.###.##
...#
###'###+#
##.#
#.......#


There were no monsters in sight!

Vanquished Creatures
  A hound (D:3)
  3 adders
  An ufetubus (D:4)
  An orc (D:3)
  5 endoplasms
  3 giant cockroaches
  3 hobgoblins
  2 kobolds
  A quokka (D:2)
  8 ball pythons
  A frilled lizard (D:3)
  3 rats
32 creatures vanquished.

Notes
Turn   | Place    | Note
-------+----------+-------------------------------------------
     0 | D:1      | avis the Felid Shapeshifter began the quest for the Orb.
     0 | D:1      | Reached XP level 1. HP: 9/9 MP: 2/2
   121 | D:1      | Found a faded altar of an unknown god.
   186 | D:1      | Reached XP level 2. HP: 13/13 MP: 3/3
   680 | D:1      | Reached skill level 4 in Shapeshifting
   680 | D:1      | Reached XP level 3. HP: 10/16 MP: 4/4
   899 | D:2      | HP: 1/24 [kobold/+2 short sword of venom (1)]
   900 | D:2      | Succumbed to a kobold's poison
  1579 | D:3      | Found Paon's General Store.
  1655 | D:3      | Reached XP level 4. HP: 8/19 MP: 5/5
  2073 | D:4      | Reached skill level 5 in Shapeshifting
  2154 | D:3      | Slain by an orc
  2262 | D:$      | Got out of the dungeon alive.

Illustrated notes

Levels and vault maps discovered:
D:1:      heliophobic_arrival_battle_scene, layout_loops_ring,
          shapermc_ecumenical_altar_acropolis
D:2:      layout_basic, kennysheep_decorative_pillar
D:3:      layout_loops_ring, serial_shops, nicolae_shop_trees
D:4:      layout_rooms, mainiacjoe_overflow_surrounded_room, grunt_ministairs_9,
          nicolae_specific_store, dreamdust_mushroom_princess, st_stairs_3

Skill      XL: |  1  2  3  4 |
---------------+-------------+-----
Fighting       | 2 |  2.0
Dodging        | 3 |  3.0
Shapeshifting  | 4 5 |  5.0
Unarmed Combat | |  3.0

Action                     |  1- 3 |  4- 6 || total
---------------------------+-------+-------++-------
  Melee: Unarmed           |    75 |    12 ||    87
         Punch             |     1 |       ||     1
         Bite              |     5 |     1 ||     6
    Use: Potion            |     2 |       ||     2
   Stab: Sleeping          |     5 |       ||     5
 Armour: Skin              |    21 |    12 ||    33
  Dodge: Dodged            |    58 |     9 ||    67
  Block: Other             |     7 |     1 ||     8

Table legend: (Time is in decaauts)
 A = Elapsed time spent in this place.
 B = Non-inter-level travel time spent in this place.
 C = Inter-level travel time spent in this place.
 D = Time resting spent in this place.
 E = Time spent auto-exploring this place.
 F = Levels seen in this place.
 G = Mean time per level.
                   A        B        C        D        E       F      G
               +--------+--------+--------+--------+--------+-----+--------+
         Total |   1882 |   1633 |    249 |    186 |   1090 |   4 |  470.5 |
       Dungeon |   1882 |   1633 |    249 |    186 |   1090 |   4 |  470.5 |
               +--------+--------+--------+--------+--------+-----+--------+

Top non-repeatable levels by time:
     D:1: 711 daAuts
     D:3: 654 daAuts
     D:2: 496 daAuts
     D:4: 19 daAuts
